TOP OF THE 1ST |
Niagara Falls Rapids batting - Pitching for Auburn Red Stars : LHP Israel Chavez
|
Pitching: LHP Israel Chavez
|
|
Batting: LHB John Gibbons
|
0-0: Ball 1-0: Called Strike 1-1: Called Strike 1-2: Foul Ball, location: 2F 1-2: Foul Ball, location: 2F 1-2: Ground out 2-3 (Groundball, 15S, EV 67.5 MPH)
|
Batting: LHB Joe Vavra
|
0-0: Called Strike 0-1: Called Strike 0-2: Foul Ball, location: 2F 0-2: SINGLE (Groundball, 3D, EV 99.4 MPH)
|
Batting: LHB John Rubel
|
0-0: Ball 1-0: Called Strike 1-1: Foul Ball, location: 2F 1-2: Grounds into double play, 4-6-3 (Groundball, 34, EV 81.3 MPH)
|
Top of the 1st over - 0 runs, 1 hit, 0 errors, 0 left on base; Niagara Falls 0 - Auburn 0 |
BOTTOM OF THE 1ST |
Auburn Red Stars batting - Pitching for Niagara Falls Rapids : LHP John Roesch
|
Pitching: LHP John Roesch
|
|
Batting: RHB Edwin Aponte
|
0-0: Ball 1-0: Called Strike 1-1: Swinging Strike 1-2: Strikes out swinging
|
Batting: RHB Clemente Acuna
|
0-0: Swinging Strike 0-1: Called Strike 0-2: Ball 1-2: Ball 2-2: Ball 3-2: Foul Ball, location: 2F 3-2: Base on Balls
|
Batting: LHB John Stefero
|
0-0: Called Strike 0-1: Fielders Choice at 2nd, 5-4 (Groundball, 5L, EV 101.9 MPH)
|
Batting: RHB Alfredo Torres
|
0-0: Called Strike 0-1: Foul Ball, location: 2F 0-2: SINGLE (Groundball, 6MD, EV 109.4 MPH) John Stefero to second Runner from 2nd tries for 3rd, SAFE, throw by CF made to third
|
Batting: RHB Jose Rodriguez
|
0-0: Foul Ball, location: 2F 0-1: Fly out, F7 (Flyball, 78M, EV 82.5 MPH)
|
Bottom of the 1st over - 0 runs, 1 hit, 0 errors, 2 left on base; Niagara Falls 0 - Auburn 0 |
TOP OF THE 2ND |
Niagara Falls Rapids batting - Pitching for Auburn Red Stars : LHP Israel Chavez
|
Batting: LHB Thomas Krupa
|
0-0: Ball 1-0: Called Strike 1-1: Ball 2-1: Ball 3-1: SOLO HOME RUN (Flyball, 9D, EV 92.5 MPH), Distance : 358 ft
|
Batting: RHB Milo Choate
|
0-0: Called Strike 0-1: Swinging Strike 0-2: Ball 1-2: Strikes out swinging
|
Batting: LHB Brad Winkler
|
0-0: Ground out 6-3 (Groundball, 6, EV 85.6 MPH)
|
Batting: RHB Jeff Schaefer
|
0-0: Foul Ball, location: 2F 0-1: Fly out, F8 (Flyball, 8RXD, EV 101.3 MPH)
|
Top of the 2nd over - 1 run, 1 hit, 0 errors, 0 left on base; Niagara Falls 1 - Auburn 0 |
BOTTOM OF THE 2ND |
Auburn Red Stars batting - Pitching for Niagara Falls Rapids : LHP John Roesch
|
Batting: RHB Steve McQueen
|
0-0: Ball 1-0: Ball 2-0: Foul Ball, location: 2F 2-1: Foul Ball, location: 2F 2-2: Ball 3-2: Foul Ball, location: 2F 3-2: Foul Ball, location: 2F 3-2: Fly out, F8 (Flyball, 8LS, EV 83.1 MPH)
|
Batting: RHB William Chamberlain
|
0-0: Ball 1-0: Foul Ball, location: 2F 1-1: Foul Ball, location: 2F 1-2: Ball 2-2: Foul Ball, location: 2F 2-2: Ball 3-2: Base on Balls
|
Batting: RHB Antonio Quevedo
|
0-0: Called Strike 0-1: Fielders Choice at 2nd, 5-4 (Groundball, 56S, EV 81.9 MPH)
|
Batting: LHB Ricardo Perrez
|
0-0: Reached on error, E6 (Groundball, 6, EV 87.5 MPH) Antonio Quevedo to second
|
Batting: RHB Edwin Aponte
|
0-0: Called Strike 0-1: Foul Ball, location: 2F 0-2: Ball 1-2: Strikes out looking
|
Bottom of the 2nd over - 0 runs, 0 hits, 1 error, 2 left on base; Niagara Falls 1 - Auburn 0 |
TOP OF THE 3RD |
Niagara Falls Rapids batting - Pitching for Auburn Red Stars : LHP Israel Chavez
|
Batting: LHB Eric Brock
|
0-0: Swinging Strike 0-1: Fly out, F8 (Flyball, 8RM, EV 98.1 MPH)
|
Batting: RHB Mark Krynitsky
|
0-0: Foul Ball, location: 2F 0-1: Ball 1-1: Swinging Strike 1-2: Strikes out swinging
|
Batting: LHB John Gibbons
|
0-0: Ball 1-0: Called Strike 1-1: Foul Ball, location: 2F 1-2: Foul Ball, location: 2F 1-2: Strikes out swinging
|
Top of the 3rd over - 0 runs, 0 hits, 0 errors, 0 left on base; Niagara Falls 1 - Auburn 0 |
BOTTOM OF THE 3RD |
Auburn Red Stars batting - Pitching for Niagara Falls Rapids : LHP John Roesch
|
Batting: RHB Clemente Acuna
|
0-0: SINGLE (Groundball, 6MD, EV 103.1 MPH)
|
Batting: LHB John Stefero
|
0-0: Ball 1-0: SINGLE (Groundball, 34S, EV 78.8 MPH) (infield hit) Clemente Acuna to second
|
Batting: RHB Alfredo Torres
|
0-0: Ball 1-0: Swinging Strike 1-1: Ball 2-1: Swinging Strike 2-2: Ball 3-2: Foul Ball, location: 2F 3-2: Strikes out looking
|
Batting: RHB Jose Rodriguez
|
0-0: Called Strike 0-1: Ball 1-1: Swinging Strike 1-2: Ball 2-2: Fly out, F7 (Line Drive, 7, EV 88.8 MPH)
|
Batting: RHB Steve McQueen
|
0-0: Ball 1-0: Ground out 1-3 (Groundball, 13, EV 69.4 MPH)
|
Bottom of the 3rd over - 0 runs, 2 hits, 0 errors, 2 left on base; Niagara Falls 1 - Auburn 0 |
TOP OF THE 4TH |
Niagara Falls Rapids batting - Pitching for Auburn Red Stars : LHP Israel Chavez
|
Batting: LHB Joe Vavra
|
0-0: Ball 1-0: Called Strike 1-1: Foul Ball, location: 2F 1-2: Ground out 4-3 (Groundball, 4, EV 86.9 MPH)
|
Batting: LHB John Rubel
|
0-0: Fly out, F9 (Line Drive, 9D, EV 105.6 MPH)
|
Batting: LHB Thomas Krupa
|
0-0: Called Strike 0-1: SINGLE (Line Drive, 5D, EV 98.8 MPH)
|
Batting: RHB Milo Choate
|
0-0: Called Strike 0-1: Ball 1-1: Ball 2-1: Ball 3-1: Fielders Choice at 2nd, 5-4 (Groundball, 56, EV 107.5 MPH)
|
Top of the 4th over - 0 runs, 1 hit, 0 errors, 1 left on base; Niagara Falls 1 - Auburn 0 |
BOTTOM OF THE 4TH |
Auburn Red Stars batting - Pitching for Niagara Falls Rapids : LHP John Roesch
|
Batting: RHB William Chamberlain
|
0-0: Called Strike 0-1: Ball 1-1: SOLO HOME RUN (Flyball, 78XD, EV 93.1 MPH), Distance : 400 ft
|
Batting: RHB Antonio Quevedo
|
0-0: Ball 1-0: Ball 2-0: Ball 3-0: Base on Balls
|
Batting: LHB Ricardo Perrez
|
0-0: Foul Ball, location: 2F 0-1: Ball 1-1: Foul Ball, location: 2F 1-2: Ball 2-2: Strikes out swinging
|
Batting: RHB Edwin Aponte
|
0-0: Foul Ball, location: 2F 0-1: Ball 1-1: Reached on error, E5 (Groundball, 56, EV 108.8 MPH) Antonio Quevedo to second
|
Batting: RHB Clemente Acuna
|
0-0: Ball 1-0: Ball 2-0: SINGLE (Line Drive, 7S, EV 98.8 MPH) Antonio Quevedo to third Edwin Aponte to second Runner from 3rd tries for Home, SAFE, throw by LF to home
|
Batting: LHB John Stefero
|
0-0: Ball 1-0: Foul Ball, location: 2F 1-1: Fly out, F5 (Popup, 56, EV 71.9 MPH)
|
Batting: RHB Alfredo Torres
|
0-0: Ball 1-0: Ball 2-0: Called Strike 2-1: Fielders Choice at 2nd, 6-4 (Groundball, 6, EV 98.1 MPH)
|
Bottom of the 4th over - 2 runs, 2 hits, 1 error, 2 left on base; Niagara Falls 1 - Auburn 2 |
TOP OF THE 5TH |
Niagara Falls Rapids batting - Pitching for Auburn Red Stars : LHP Israel Chavez
|
Batting: LHB Brad Winkler
|
0-0: Ball 1-0: Ball 2-0: Ground out 4-3 (Groundball, 4MD, EV 80.0 MPH)
|
Batting: RHB Jeff Schaefer
|
0-0: Ball 1-0: Ball 2-0: Ground out U3 (Groundball, 3, EV 101.9 MPH)
|
Batting: LHB Eric Brock
|
0-0: Ball 1-0: Foul Ball, location: 2F 1-1: Ball 2-1: Ball 3-1: DOUBLE (Flyball, 8RXD, EV 99.4 MPH)
|
Batting: RHB Mark Krynitsky
|
0-0: Ball 1-0: Ball 2-0: Ball 3-0: Called Strike 3-1: Foul Ball, location: 2F 3-2: Base on Balls
|
Batting: LHB John Gibbons
|
0-0: Foul Ball, location: 2F 0-1: Ball 1-1: Foul Ball, location: 2F 1-2: Ball 2-2: Ground out U3 (Groundball, 3S, EV 65.0 MPH)
|
Top of the 5th over - 0 runs, 1 hit, 0 errors, 2 left on base; Niagara Falls 1 - Auburn 2 |
BOTTOM OF THE 5TH |
Auburn Red Stars batting - Pitching for Niagara Falls Rapids : LHP John Roesch
|
Batting: RHB Jose Rodriguez
|
0-0: Called Strike 0-1: Ball 1-1: Ball 2-1: Fly out, F9 (Flyball, 89M, EV 86.9 MPH)
|
Batting: RHB Steve McQueen
|
0-0: Ball 1-0: Ball 2-0: Foul Ball, location: 2F 2-1: Ball 3-1: Foul Ball, location: 2F 3-2: Base on Balls
|
Batting: RHB William Chamberlain
|
0-0: Ball 1-0: Ball 2-0: Swinging Strike 2-1: SINGLE (Flyball, 89M, EV 91.3 MPH) Steve McQueen to second Runner from 2nd tries for 3rd, SAFE, no throw by RF
|
Batting: RHB Antonio Quevedo
|
0-0: Ball 1-0: Ball 2-0: Called Strike 2-1: Ball 3-1: Base on Balls William Chamberlain to second
|
Batting: LHB Ricardo Perrez
|
0-0: Ball 1-0: Single, Error in OF, E9, batter to second base (Line Drive, 34D, EV 97.5 MPH) Steve McQueen scores William Chamberlain scores Antonio Quevedo to third
|
Batting: RHB Edwin Aponte
|
0-0: DOUBLE (Flyball, 8LXD, EV 109.4 MPH) Antonio Quevedo scores Ricardo Perrez scores
|
Pitching: LHP Keith Walker
|
|
Batting: RHB Clemente Acuna
|
0-0: Ball 1-0: Foul Ball, location: 2F 1-1: Ball 2-1: Ball 3-1: Swinging Strike 3-2: Foul Ball, location: 2F 3-2: Base on Balls
|
Batting: LHB John Stefero
|
0-0: Ball Edwin Aponte steals 3rd base Clemente Acuna to second 1-0: Ball 2-0: Swinging Strike 2-1: Foul Ball, location: 2F 2-2: Strikes out looking
|
Batting: RHB Alfredo Torres
|
0-0: SINGLE (Groundball, 13S, EV 68.1 MPH) (infield hit) Edwin Aponte scores Clemente Acuna to third
|
Batting: RHB Jose Rodriguez
|
0-0: Foul Ball, location: 2F 0-1: Called Strike 0-2: Ball 1-2: Ball 2-2: SINGLE (Groundball, 25, EV 70.0 MPH) (infield hit) Clemente Acuna scores Alfredo Torres to second
|
Batting: RHB Steve McQueen
|
0-0: Ball 1-0: Ball 2-0: Ball 3-0: Base on Balls Alfredo Torres to third Jose Rodriguez to second
|
Batting: RHB William Chamberlain
|
0-0: Called Strike 0-1: Ground out 4-3 (Groundball, 4, EV 90.0 MPH)
|
Bottom of the 5th over - 6 runs, 5 hits, 1 error, 3 left on base; Niagara Falls 1 - Auburn 8 |
TOP OF THE 6TH |
Niagara Falls Rapids batting - Pitching for Auburn Red Stars : LHP Israel Chavez
|
Batting: LHB Joe Vavra
|
0-0: Fly out, F8 (Flyball, 8LM, EV 92.5 MPH)
|
Batting: LHB John Rubel
|
0-0: Ball 1-0: Ball 2-0: Ball 3-0: Base on Balls
|
Batting: LHB Thomas Krupa
|
0-0: Foul Ball, location: 2F 0-1: Called Strike 0-2: Foul Ball, location: 2F 0-2: Foul Ball, location: 2F 0-2: Ball 1-2: Foul Ball, location: 2F 1-2: Strikes out looking
|
Batting: RHB Milo Choate
|
0-0: Ball John Rubel is caught stealing 2nd base 2-4
|
Top of the 6th over - 0 runs, 0 hits, 0 errors, 0 left on base; Niagara Falls 1 - Auburn 8 |
BOTTOM OF THE 6TH |
Auburn Red Stars batting - Pitching for Niagara Falls Rapids : LHP Keith Walker
|
Batting: RHB Antonio Quevedo
|
0-0: Called Strike 0-1: Foul Ball, location: 2F 0-2: Ball 1-2: Strikes out looking
|
Batting: LHB Ricardo Perrez
|
0-0: Called Strike 0-1: Called Strike 0-2: DOUBLE (Groundball, 3L, EV 103.8 MPH)
|
Batting: RHB Edwin Aponte
|
0-0: Ground out 5-3 (Groundball, 56, EV 98.8 MPH)
|
Batting: RHB Clemente Acuna
|
0-0: Foul Ball, location: 2F 0-1: Foul Ball, location: 2F 0-2: Ball 1-2: SINGLE (Line Drive, 89S, EV 112.5 MPH) Ricardo Perrez to third Runner from 3rd tries for Home, SAFE, throw by RF to home
|
Batting: LHB John Stefero
|
0-0: Ball 1-0: Called Strike 1-1: Ball 2-1: 2-RUN HOME RUN (Flyball, 7LD, EV 92.5 MPH), Distance : 348 ft
|
Batting: RHB Alfredo Torres
|
0-0: Ground out 6-3 (Groundball, 6, EV 90.0 MPH)
|
Bottom of the 6th over - 3 runs, 3 hits, 0 errors, 0 left on base; Niagara Falls 1 - Auburn 11 |
TOP OF THE 7TH |
Niagara Falls Rapids batting - Pitching for Auburn Red Stars : LHP Israel Chavez
|
Pinch Hitting: RHB Dennis Cleveland
|
0-0: Called Strike 0-1: Foul Ball, location: 2F 0-2: Ball 1-2: SINGLE (Line Drive, 9S, EV 91.9 MPH)
|
Pinch Hitting: RHB Frank Wren
|
0-0: Called Strike 0-1: Ball 1-1: Called Strike 1-2: Fly out, F7 (Flyball, 78S, EV 94.4 MPH)
|
Pinch Hitting: RHB Alexander Dovalis
|
0-0: Ball 1-0: Foul Ball, location: 2F 1-1: Ball 2-1: Fielders Choice at 2nd, 3-6 (Groundball, 34S, EV 86.3 MPH)
|
Batting: LHB Eric Brock
|
0-0: Foul Ball, location: 2F 0-1: Ground out 4-3 (Groundball, 4, EV 97.5 MPH)
|
Top of the 7th over - 0 runs, 1 hit, 0 errors, 1 left on base; Niagara Falls 1 - Auburn 11 |
BOTTOM OF THE 7TH |
Auburn Red Stars batting - Pitching for Niagara Falls Rapids : LHP Keith Walker
|
Now at 2B: Alexander Dovalis
|
|
Now at 3B: Dennis Cleveland
|
|
Now in RF: Jeffrey Whelan
|
|
Pinch Hitting: LHB Mario Cortez
|
0-0: Called Strike 0-1: Swinging Strike 0-2: Ball 1-2: Strikes out swinging
|
Pinch Hitting: RHB Michael Harris
|
0-0: Swinging Strike 0-1: Foul Ball, location: 2F 0-2: Ball 1-2: Foul Ball, location: 2F 1-2: Ball 2-2: Strikes out swinging
|
Pinch Hitting: RHB Paul Llewellyn
|
0-0: Called Strike 0-1: Ball 1-1: Called Strike 1-2: Foul Ball, location: 2F 1-2: Foul Ball, location: 2F 1-2: Foul Ball, location: 2F 1-2: Strikes out swinging
|
Bottom of the 7th over - 0 runs, 0 hits, 0 errors, 0 left on base; Niagara Falls 1 - Auburn 11 |
TOP OF THE 8TH |
Niagara Falls Rapids batting - Pitching for Auburn Red Stars : LHP Israel Chavez
|
Now at 1B: Lorenzo Gray
|
|
Now at 2B: Mario Cortez
|
|
Now in LF: Paul Llewellyn
|
|
Batting: RHB Mark Krynitsky
|
0-0: Ball 1-0: Called Strike 1-1: Ball 2-1: Ball 3-1: Foul Ball, location: 2F 3-2: Strikes out looking
|
Pitching: RHP Ruben Santana
|
|
Batting: LHB John Gibbons
|
0-0: Ball 1-0: Ball 2-0: Called Strike 2-1: Ball 3-1: SINGLE (Groundball, 4MD, EV 100.6 MPH)
|
Batting: LHB Joe Vavra
|
Pickoff Throw to First - Error! E1 John Gibbons to second 0-0: Ball 1-0: Foul Ball, location: 2F 1-1: Ball 2-1: Called Strike 2-2: Ball 3-2: Base on Balls
|
Batting: LHB John Rubel
|
0-0: Ball 1-0: Ball 2-0: Fielders Choice at 2nd, 5-4 (Groundball, 56, EV 105.0 MPH) John Gibbons to third
|
Batting: LHB Thomas Krupa
|
0-0: Ball 1-0: Foul Ball, location: 2F 1-1: Ball Wild Pitch! John Gibbons scores John Rubel to second 2-1: Foul Ball, location: 2F 2-2: Ground out U3 (Groundball, 34, EV 78.8 MPH)
|
Top of the 8th over - 1 run, 1 hit, 1 error, 1 left on base; Niagara Falls 2 - Auburn 11 |
BOTTOM OF THE 8TH |
Auburn Red Stars batting - Pitching for Niagara Falls Rapids : LHP Keith Walker
|
Batting: RHB Antonio Quevedo
|
0-0: Ground out 6-3 (Groundball, 6, EV 85.6 MPH)
|
Batting: LHB Ricardo Perrez
|
0-0: SOLO HOME RUN (Line Drive, 9D, EV 105.6 MPH), Distance : 394 ft
|
Batting: RHB Edwin Aponte
|
0-0: Ball 1-0: SINGLE (Line Drive, 9S, EV 108.1 MPH)
|
Pitching: RHP Mike Sullivan
|
|
Pinch Hitting: RHB Danny Quiroz
|
0-0: Foul Ball, location: 2F 0-1: Ball 1-1: Swinging Strike 1-2: Ball 2-2: Strikes out swinging
|
Batting: LHB John Stefero
|
0-0: Foul Ball, location: 2F 0-1: Called Strike 0-2: Foul Ball, location: 2F 0-2: Strikes out looking
|
Bottom of the 8th over - 1 run, 2 hits, 0 errors, 1 left on base; Niagara Falls 2 - Auburn 12 |
TOP OF THE 9TH |
Niagara Falls Rapids batting - Pitching for Auburn Red Stars : RHP Ruben Santana
|
Now at 1B: Danny Quiroz
|
|
Batting: RHB Dennis Cleveland
|
0-0: Called Strike 0-1: Ball 1-1: Ball 2-1: Ball 3-1: Base on Balls
|
Batting: RHB Jeffrey Whelan
|
0-0: Swinging Strike 0-1: Called Strike 0-2: Strikes out looking
|
Batting: RHB Alexander Dovalis
|
0-0: DOUBLE (Flyball, 8RD, EV 109.4 MPH) Dennis Cleveland to third
|
Batting: LHB Eric Brock
|
0-0: Called Strike 0-1: Swinging Strike 0-2: Strikes out swinging
|
Pinch Hitting: RHB Greg Tarnow
|
0-0: Ball 1-0: Foul Ball, location: 2F 1-1: Foul Ball, location: 2F 1-2: Strikes out looking
|
Top of the 9th over - 0 runs, 1 hit, 0 errors, 2 left on base; Niagara Falls 2 - Auburn 12 |
|